 Dungeon Crawl Stone Soup version 0.31.0-4-g52a2dc7128 (webtiles) character file.

Game seed: 14934030571561257803

81 Crownlay the Trooper (level 4, 0/38 HPs)
             Began as a Djinni Monk on Jan 22, 2024.
             Slain by a ribbon worm (7 damage)
             ... on level 3 of the Dungeon.
             The game lasted 00:01:31 (1901 turns).

Crownlay the Trooper (Djinni Monk)                  Turns: 1901, Time: 00:01:32

Health: 0/38       AC:  2    Str: 10    XL:     4   Next: 68%
Gold:   174        EV: 13    Int: 14    God:
                   SH:  0    Dex: 15

rFire   + + .        a - +0 short sword
rCold   x . .        d - orb {light}
rNeg    . . .        b - +0 robe
rPois   ∞            (no helmet)
rElec   .            (no cloak)
rCorr   .            (no gloves)
SInv    .            (boots unavailable)
Will    .....        (no amulet)
Stlth   +            (no ring)
HPRegen 0.26/turn    (no ring)
MPRegen 0.00/turn

%: infuse magic (-1 HP)
@: flying, glowing
A: sickness immunity, fire resistance 2, cold vulnerability 1, float, innate
caster, HP casting, extra vitality 1
a: no special abilities


You were on level 3 of the Dungeon.
You visited 1 branch of the dungeon, and saw 3 of its levels.

You collected 174 gold pieces.

Inventory:

Hand Weapons
 a - a +0 short sword (weapon)
Armour
 b - a +0 robe (worn)
 d - an orb of light (worn)
Jewellery
 h - a +5 ring of evasion
Scrolls
 e - a scroll of amnesia {unknown}
 f - 3 scrolls of identify {unknown}
 i - a scroll of revelation {unknown}
 j - a scroll of teleportation {unknown}
Potions
 c - a potion of ambrosia
 g - a potion of lignification {unknown}


   Skills:
 * Level 4.4 Fighting
 - Level 2.6 Short Blades
 - Level 3.2 Dodging
 + Level 1.4 Spellcasting
 + Level 1.4 Conjurations
 + Level 1.4 Hexes
   Level 0.0 Charms
 + Level 1.4 Summonings
 + Level 1.4 Necromancy
 + Level 1.4 Translocations
   Level 0.0 Transmutations
 + Level 1.4 Fire Magic
 + Level 1.4 Ice Magic
 + Level 1.4 Air Magic
 + Level 1.4 Earth Magic
 + Level 1.4 Alchemy


You knew the following spells:

 Your Spells              Type           Power      Damage    Failure   Level
a - Slow                  Hex            20%        N/A       14%         1
Your spell library was empty.

Dungeon Overview and Level Annotations

Branches:
Dungeon (3/15)

Altars:


Innate Abilities, Weirdness & Mutations

You are immune to sickness and miasma.
You are immune to poison.
Your flesh is very heat resistant. (rF++)
You are vulnerable to cold. (rC-)
You float through the air rather than walking.
You learn spells naturally, not from books.
Your magical power is your life essence.
You have superior vitality. (+4 MHP)


Message History

You hit the ribbon worm.
The ribbon worm is heavily wounded.
The ribbon worm closely misses you.
You hit the ribbon worm.
The ribbon worm is heavily wounded.
The ribbon worm closely misses you.
You hit the ribbon worm but do no damage.
The ribbon worm is heavily wounded.
The ribbon worm bites you.
* * * LOW HITPOINT WARNING * * *
You hit the ribbon worm.
The ribbon worm is heavily wounded.
You hit the ribbon worm.
The ribbon worm is heavily wounded.
The ribbon worm expels a string of sticky webbing.
The stream of webbing hits you but does no damage.
You are caught in a web!
The web tears apart.
The ribbon worm bites you but does no damage.
You hit the ribbon worm but do no damage.
The ribbon worm is heavily wounded.
You hit the ribbon worm.
The ribbon worm is heavily wounded.
The ribbon worm bites you but does no damage.
You hit the ribbon worm but do no damage.
The ribbon worm is heavily wounded.
The ribbon worm completely misses you.
You hit the ribbon worm.
The ribbon worm is severely wounded.
You hit the ribbon worm but do no damage.
The ribbon worm is severely wounded.
The ribbon worm bites you.
* * * LOW HITPOINT WARNING * * *
You completely miss the ribbon worm.
The ribbon worm is severely wounded.
The ribbon worm expels a string of sticky webbing.
The stream of webbing hits you but does no damage.
You are caught in a web!
The web tears apart.
The ribbon worm bites you!
You die...

##...<.##
##.......##
#.........#
+.........+
#.........#
#.......# #..w..#
#.@.# ##'## #.# #.#
######.####
..#.......#
#.#.......# ..
#.#.#.........
#...###.#.##..#.####


You could see a ribbon worm (catching breath).

Vanquished Creatures
  3 adders
  2 dart slugs (D:1)
  A ribbon worm (D:3)
  An orc (D:2)
  5 bats
  4 endoplasms
  8 giant cockroaches
  4 goblins
  3 hobgoblins
  4 kobolds
  A quokka (D:1)
  4 ball pythons (D:1)
  A frilled lizard (D:1)
  4 rats
45 creatures vanquished.

Notes
Turn   | Place    | Note
-------+----------+-------------------------------------------
     0 | D:1      | Crownlay the Djinni Monk began the quest for the Orb.
     0 | D:1      | Reached XP level 1. HP: 20/20 MP: 0/0
    58 | D:1      | Reached XP level 2. HP: 25/25 MP: 0/0
   197 | D:1      | Reached XP level 3. HP: 25/30 MP: 0/0
   197 | D:1      | Learned a level 1 spell: Slow
   329 | D:1      | Reached skill level 1 in Spellcasting
   329 | D:1      | Reached skill level 1 in Conjurations
   329 | D:1      | Reached skill level 1 in Hexes
   329 | D:1      | Reached skill level 1 in Summonings
   329 | D:1      | Reached skill level 1 in Necromancy
   329 | D:1      | Reached skill level 1 in Translocations
   329 | D:1      | Reached skill level 1 in Fire Magic
   329 | D:1      | Reached skill level 1 in Ice Magic
   329 | D:1      | Reached skill level 1 in Air Magic
   329 | D:1      | Reached skill level 1 in Earth Magic
   329 | D:1      | Reached skill level 1 in Alchemy
   742 | D:1      | Found a faded altar of an unknown god.
   855 | D:2      | Reached skill level 4 in Fighting
   855 | D:2      | Reached XP level 4. HP: 32/37 MP: 0/0
  1901 | D:3      | Slain by a ribbon worm

Illustrated notes

Levels and vault maps discovered:
D:1:      minmay_arrival_up_and_down, layout_basic,
          shapermc_ecumenical_altar_hornbeckon
D:2:      layout_loops_cross
D:3:      layout_loops_corners, kennysheep_generic_room_11, uniq_robin

Skill      XL: |  1  2  3 |
---------------+----------+-----
Spellcasting   | 1 |  1.4
Conjurations   | 1 |  1.4
Hexes          | 1 |  1.4
Summonings     | 1 |  1.4
Necromancy     | 1 |  1.4
Translocations | 1 |  1.4
Fire Magic     | 1 |  1.4
Ice Magic      | 1 |  1.4
Air Magic      | 1 |  1.4
Earth Magic    | 1 |  1.4
Alchemy        | 1 |  1.4
Fighting       | 4 |  4.4
Short Blades   | |  2.6
Dodging        | |  3.2

Action                     |  1- 3 |  4- 6 || total
---------------------------+-------+-------++-------
  Melee: Short sword       |    94 |   107 ||   201
   Cast: Slow              |       |     1 ||     1
 Armour: Robe              |    31 |    50 ||    81
  Dodge: Dodged            |    65 |    54 ||   119
